 Dungeon Crawl Stone Soup version 0.26-a0-259-g1effd001a9 (webtiles) character file.

Game seed: 14889750350434883389

5399 sanka the Frost Mage (level 10, 0/83 HPs)
             Began as a Barachi Ice Elementalist on July 12, 2020.
             Was a Follower of Vehumet.
             Slain by a vampire mosquito (10 damage)
             ... on level 10 of the Dungeon.
             The game lasted 00:23:52 (11271 turns).

sanka the Frost Mage (Barachi Ice Elementalist)    Turns: 11271, Time: 00:23:53

Health: 0/83       AC:  9    Str: 10    XL:     10   Next: 66%
Magic:  11/17      EV: 20    Int: 19    God:    Vehumet [*.....]
Gold:   536        SH: 10    Dex: 12    Spells: 4/19 levels left

rFire    + + .     SeeInvis .   Q - +2 war axe of Zin's Esteem {freeze, rC+}
rCold    + + .     Faith    .   x - +0 buckler
rNeg     . . .     Spirit   .   p - +2 robe {rC+ rF+}
rPois    .         Reflect  +   e - +0 helmet
rElec    .         Harm     .   y - scarf {repulsion}
rCorr    .                      b - +0 pair of gloves
MR       .....                  f - +2 pair of boots
Stlth    ++........             d - amulet of reflection
HPRegen  0.23/turn              L - +4 ring of evasion
MPRegen  0.15/turn              v - ring of protection from fire

@: can't hop, frozen ramparts, repel missiles, slow
A: +LOS, swims, slowness 1, strong legs 1
a: Hop, Renounce Religion


You were on level 10 of the Dungeon.
You worshipped Vehumet.
Vehumet was aware of your devotion.
You were not hungry.

You visited 2 branches of the dungeon, and saw 11 of its levels.
You also visited: Ossuary.

You collected 536 gold pieces.


Innate Abilities, Weirdness & Mutations

You can be seen from farther away. (+LOS)
You can swim through water.
You cover ground slowly.
You can hop short distances.


   Skills:
 * Level 9.1 Fighting
 * Level 8.7 Dodging
 - Level 1.7 Stealth
 - Level 4.0 Shields
 - Level 5.0 Spellcasting
 - Level 3.0 Conjurations
 - Level 3.0 Summonings
 + Level 11.1 Ice Magic


You had 4 spell levels left.
You knew the following spells:

 Your Spells              Type           Power        Failure   Level
a - Ozocubu's Armour      Chrm/Ice       ####....     3%          3
u - Hailstorm             Conj/Ice       ####....     7%          4
x - Summon Ice Beast      Ice/Summ       ####....     7%          4
y - Frozen Ramparts       Ice            #####.       1%          3
z - Freeze                Ice            ####         1%          1

Your spell library contained the following spells:

 Spells                   Type           Power        Failure   Level
 Magic Dart               Conj           ###.         3%          1
 Ensorcelled Hibernation  Hex/Ice        ####..       1%          2
 Foxfire                  Conj/Fire      ##..         7%          1
 Ignite Poison            Fire/Tmut/Pois #.......     36%         3
 Inner Flame              Hex/Fire       #.......     36%         3
 Metabolic Englaciation   Hex/Ice        ####......   34%         5
 Bolt of Magma            Conj/Fire/Erth #.........   92%         5
 Excruciating Wounds      Chrm/Necr      #.........   98%         5

Inventory:

Hand Weapons
 a - a +2 falchion of electrocution
 u - a +0 scimitar
 Q - the +2 war axe of Zin's Esteem (weapon) {freeze, rC+}

   It has been specially enchanted to freeze those struck by it, causing extra
   injury to most foes and up to half again as much damage against particularly
   susceptible opponents.
   It can also slow down cold-blooded creatures.
   It protects you from cold.
Missiles
 q - 338 stones (quivered)
 B - 50 poisoned darts
Armour
 b - a +0 pair of gloves (worn)
 e - a +0 helmet (worn)
 f - a +2 pair of boots (worn)
 m - a +0 cloak
 p - a +2 robe of resistance (worn)
 x - a +0 buckler (worn)
 y - a scarf of repulsion (worn)
Magical Staves
 M - an uncursed staff of fire
Jewellery
 d - an amulet of reflection (around neck)
 v - a ring of protection from fire (right hand)
 z - an uncursed amulet of the acrobat
 L - a +4 ring of evasion (left hand)
Wands
 D - a wand of digging (6)
Scrolls
 g - 4 scrolls of teleportation {@r4}
 h - 3 scrolls of enchant weapon
 i - 2 scrolls of remove curse
 j - 3 scrolls of blinking
 o - 6 scrolls of magic mapping
 s - 2 scrolls of fog
 w - a scroll of immolation {!r}
 E - a scroll of enchant armour
 H - 2 scrolls of fear
 J - a scroll of silence {!r}
 O - a scroll of amnesia
 P - a scroll of acquirement
Potions
 k - 2 potions of might
 n - 5 potions of lignification {!q}
 r - a potion of magic {unknown}
 t - 2 potions of resistance {unknown}
 A - a potion of cancellation {unknown}
 C - 4 potions of heal wounds {@q2}
 F - 2 potions of flight
 G - 4 potions of mutation {!q}
 I - 8 potions of curing {@q1}
 K - 2 potions of berserk rage {!q}
 N - a potion of ambrosia {unknown}
Miscellaneous
 l - a tin of tremorstones (3/3)
Comestibles
 c - 15 rations

Dungeon Overview and Level Annotations

Branches:
Dungeon (10/15)            Temple (1/1) D:4            Lair (0/6) D:8
Ossuary (visited)
    Orc: D:9-12

Altars:
Ashenzari
Cheibriados
Dithmenos
Elyvilon
Fedhas
Gozag
Hepliaklqana
Kikubaaqudgha
Makhleb
Nemelex Xobeh
Okawaru
Qazlal
Ru
Sif Muna
Trog
Uskayaw
Vehumet
Wu Jian
Xom
Yredelemnul
Zin
The Shining One

Annotations:
D:7 3 runed translucent doors, Flugkiller's ghost, novice DrEE

. ▒..▒ .. ▒..▒ ...▒
▒..▒▒
....▒▒▒▒▒▒▒...▒
..............▒
.........†....▒
........[▒▒.<▒▒
▒........▒▒▒▒▒
▒........F▒▒
.........y(▒
..........†▒▒
............▒▒
..........C..▒ ▒..
.............▒▒....▒
..................▒
..................▒
.................▒▒


You could see a cyclops and a vampire mosquito.


Message History

The vampire mosquito closely misses you.
The vampire mosquito misses you.
The walls around you are covered in ice.
The wall freezes the vampire mosquito.
The vampire mosquito barely misses you. The vampire mosquito bites you.
* * * LOW HITPOINT WARNING * * *
The vampire mosquito draws strength from your injuries!
The wall freezes the vampire mosquito.
You block the vampire mosquito's attack.
The vampire mosquito bites you but does no damage.
Unknown command.
The wall freezes the vampire mosquito.
The wall freezes the vampire mosquito.
You destroy the vampire mosquito!
Vehumet accepts your kill.
You block the vampire mosquito's attack.
A film of ice covers your body!
You block the vampire mosquito's attack.
You block the vampire mosquito's attack.
The cyclops throws a large rock.
The large rock is repelled.
Your icy armour cracks and falls away as you move.
The wall freezes the vampire mosquito.
The vampire mosquito bites you.
* * * LOW HITPOINT WARNING * * *
The vampire mosquito draws strength from your injuries!
The wall freezes the vampire mosquito.
The vampire mosquito bites you!
You die...

Action                   |  1- 3 |  4- 6 |  7- 9 | 10-12 || total
-------------------------+-------+-------+-------+-------++-------
Melee: Unarmed           |     2 |       |       |    22 ||    24
       Short sword       |    10 |    57 |    12 |       ||    79
       Dagger            |     2 |    68 |     6 |       ||    76
       Falchion          |       |       |   161 |    49 ||   210
       War axe           |       |       |       |    13 ||    13
Throw: Stone             |     8 |       |     1 |       ||     9
 Cast: Freeze            |    43 |    45 |    54 |    38 ||   180
       Frozen Ramparts   |     1 |     9 |    24 |     9 ||    43
       Ozocubu's Armour  |       |     4 |    30 |     9 ||    43
       Summon Ice Beast  |       |       |     2 |     1 ||     3
 Abil: Hop               |       |     1 |       |     1 ||     2
  Use: Scroll            |       |       |    15 |     8 ||    23
       Potion            |       |       |     2 |       ||     2
 Stab: Sleeping          |     2 |     3 |     6 |     1 ||    12
  Eat: Ration            |     1 |     3 |     5 |     2 ||    11
Armor: Robe              |     6 |    57 |    46 |    26 ||   135
Dodge: Dodged            |    24 |    84 |   115 |   132 ||   355
       Repelled          |       |     2 |     1 |     6 ||     9
Block: Other             |    11 |    10 |       |       ||    21
       Reflection        |     1 |     3 |     4 |     1 ||     9
       Buckler           |       |    38 |   121 |    89 ||   248
       Rpst.: Falchion   |       |       |    27 |    24 ||    51

Levels and vault maps discovered:
D:1:      dpeg_arrival_tiny_c, layout_basic
D:2:      layout_basic, old_standard_altar, minmay_lizard_king
D:3:      minmay_chambers_of_threes, layout_loops_cross, first_ration
D:4:      minmay_general_purpose_star, layout_basic, lemuel_blue_sif_altar,
          minmay_temple_entry_stoned_glass, uniq_duvessa
D:5:      layout_basic, fedhas_bush_and_centaur_altar, chequers_garden,
          serial_park_tiny_2
D:6:      layout_basic, chequers_temple_overflow_minitemple,
          gup_ossuary_entry_pyramid, kennysheep_generic_room_11,
          uniq_blork_the_orc, uniq_sigmund, uniq_prince_ribbit1
D:7:      layout_loops_corners, nicolae_overflow_hidden_temple,
          ebering_ghost_gozag, uniq_menkaure
D:8:      layout_loops_ring, kennysheep_mini_moat, erik_lair_orcish_takeover,
          uniq_pikel
D:9:      layout_roguey, basic_altar, uniq_grum
D:10:     layout_layer_cave
Temple:   minmay_temple_curvy_loop

Notes
Turn   | Place    | Note
-------+----------+-------------------------------------------
     0 | D:1      | sanka the Barachi Ice Elementalist began the quest for the
                  | Orb.
     0 | D:1      | Reached XP level 1. HP: 13/13 MP: 3/3
   285 | D:1      | Reached skill level 5 in Ice Magic
   369 | D:1      | Reached XP level 2. HP: 19/19 MP: 2/5
   840 | D:1      | Reached XP level 3. HP: 23/24 MP: 2/7
   845 | D:1      | Learned a level 3 spell: Frozen Ramparts
   849 | D:1      | Learned a level 3 spell: Ozocubu's Armour
   904 | D:1      | Reached skill level 3 in Spellcasting
  1141 | D:1      | Identified a +2 robe of resistance (You found it on level 1
                  | of the Dungeon)
  1722 | D:2      | Reached skill level 6 in Ice Magic
  1843 | D:2      | Reached XP level 4. HP: 30/30 MP: 4/8
  2132 | D:2      | Found an iron altar of Okawaru.
  2857 | D:3      | Reached XP level 5. HP: 35/35 MP: 9/9
  2864 | D:3      | Reached skill level 7 in Ice Magic
  3407 | D:3      | Reached skill level 1 in Shields
  3419 | D:3      | Noticed a phantom
  3803 | D:3      | Killed a phantom
  3803 | D:3      | Reached skill level 2 in Shields
  3803 | D:3      | Reached XP level 6. HP: 41/41 MP: 1/10
  3876 | D:3      | Learned a level 4 spell: Summon Ice Beast
  4329 | D:4      | Noticed Dowan
  4330 | D:4      | Found a staircase to the Ecumenical Temple.
  4330 | D:4      | Noticed Duvessa
  4345 | D:4      | Killed Dowan
  4345 | D:4      | Reached skill level 3 in Shields
  4347 | D:4      | Killed Duvessa
  4347 | D:4      | Reached skill level 1 in Summonings
  4424 | Temple   | Entered the Ecumenical Temple
  4569 | D:4      | Reached XP level 7. HP: 46/46 MP: 7/12
  5117 | D:4      | Found a shimmering blue altar of Sif Muna.
  5276 | D:4      | Reached skill level 4 in Shields
  5276 | D:4      | Reached skill level 2 in Summonings
  5276 | D:4      | Reached skill level 8 in Ice Magic
  5586 | D:5      | Entered Level 5 of the Dungeon
  5607 | D:5      | Found a blossoming altar of Fedhas.
  5644 | D:5      | Reached skill level 4 in Spellcasting
  5644 | D:5      | Reached skill level 3 in Summonings
  5860 | D:5      | Reached XP level 8. HP: 46/52 MP: 11/14
  6080 | D:5      | Reached skill level 9 in Ice Magic
  6181 | D:5      | Reached skill level 5 in Spellcasting
  6187 | D:5      | Learned a level 4 spell: Hailstorm
  6523 | D:6      | Noticed Sigmund
  6525 | D:6      | Reached skill level 1 in Fighting
  6531 | D:6      | Killed Sigmund
  6531 | D:6      | Reached skill level 2 in Fighting
  6531 | D:6      | Reached skill level 3 in Dodging
  6531 | D:6      | Reached skill level 1 in Conjurations
  6631 | D:6      | Noticed Prince Ribbit
  6637 | D:6      | Killed Prince Ribbit
  6637 | D:6      | Reached skill level 3 in Fighting
  6637 | D:6      | Reached skill level 4 in Dodging
  6637 | D:6      | Reached skill level 2 in Conjurations
  6700 | D:6      | Reached skill level 4 in Fighting
  6700 | D:6      | Reached XP level 9. HP: 65/65 MP: 2/16
  6739 | D:6      | Noticed Blork the orc
  6745 | D:6      | Killed Blork the orc
  6759 | D:6      | Found a sand-covered staircase.
  6832 | Ossuary  | Entered an ossuary
  7356 | D:6      | Reached skill level 5 in Dodging
  7442 | D:6      | Reached skill level 3 in Conjurations
  7444 | D:6      | Reached skill level 5 in Fighting
  7444 | D:6      | Reached skill level 10 in Ice Magic
  7904 | D:6      | Found a basalt altar of Yredelemnul.
  7904 | D:6      | Found a burning altar of Makhleb.
  7909 | D:6      | Found a shattered altar of Ashenzari.
  7911 | D:6      | Found a faded altar of an unknown god.
  7912 | D:6      | Found a shimmering altar of Xom.
  8064 | D:7      | Noticed Menkaure
  8076 | D:7      | Killed Menkaure
  8076 | D:7      | Reached skill level 6 in Fighting
  8076 | D:7      | Reached skill level 6 in Dodging
  8760 | D:7      | Found a radiant altar of Vehumet.
  8761 | D:7      | Found a runed translucent gate.
  8761 | D:7      | Found a runed translucent gate.
  8761 | D:7      | Found a runed translucent gate.
  8764 | D:7      | Found an opulent altar of Gozag.
  8826 | D:7      | Noticed Flugkiller's ghost (novice DrEE)
  8881 | D:7      | Found a bloodstained altar of Trog.
  9248 | D:7      | Found a sparkling altar of Nemelex Xobeh.
  9256 | D:7      | Became a worshipper of Vehumet
  9486 | D:8      | Reached skill level 7 in Fighting
  9486 | D:8      | Reached skill level 7 in Dodging
  9486 | D:8      | Reached XP level 10. HP: 79/79 MP: 9/17
  9580 | D:8      | Found a staircase to the Lair.
  9748 | D:8      | Identified a scroll of acquirement
  9856 | D:8      | Noticed Pikel
  9865 | D:8      | Killed Pikel
  9865 | D:8      | Reached skill level 8 in Fighting
 10044 | D:8      | Found a hide-covered altar of Uskayaw.
 10253 | D:9      | Identified the Incunabulum of the Freezing Volcanoes
 10304 | D:9      | Found a hazy altar of Hepliaklqana.
 10327 | D:9      | Reached skill level 8 in Dodging
 10426 | D:9      | Identified the Reference Book on the Helpful Blaze
 10437 | D:9      | Noticed Grum
 10444 | D:9      | Killed Grum
 10543 | D:9      | Reached skill level 11 in Ice Magic
 11174 | D:10     | Entered Level 10 of the Dungeon
 11183 | D:10     | Reached skill level 9 in Fighting
 11189 | D:10     | Reached * piety under Vehumet
 11189 | D:10     | Offered knowledge of Magic Dart by Vehumet.
 11193 | D:10     | Got a shadowed robe
 11204 | D:10     | Identified the +1 robe "Cysulisim" {Str+7} (You found it on
                  | level 10 of the Dungeon)
 11249 | D:10     | Got a shimmering war axe
 11250 | D:10     | Identified the +2 war axe of Zin's Esteem {freeze, rC+}
                  | (You found it on level 10 of the Dungeon)
 11253 | D:10     | Noticed a cyclops
 11271 | D:10     | Slain by a vampire mosquito

Vanquished Creatures
  Pikel (D:8)
  Prince Ribbit (D:6)
  A hippogriff (D:7)
  Sigmund (D:6)
  A wyvern (D:9)
  Grum (D:9)
  A vampire mosquito (D:10)
  Menkaure (D:7)
  2 wargs (D:8)
  Duvessa (D:4)
  2 orc warriors
  2 ice beasts
  2 sky beasts
  4 phantoms
  2 wolves (D:9)
  3 ogres
  2 necrophages
  2 centaurs
  Blork the orc (D:6)
  6 bullfrogs
  A scorpion (D:6)
  Dowan (D:4)
  3 killer bees (D:9)
  3 howler monkeys
  2 centaur zombies
  A quasit (D:10)
  2 orc priests
  A bullfrog skeleton (D:4)
  A hound (D:6)
  5 orc wizards
  An iguana (D:4)
  7 worker ants
  A killer bee zombie (D:7)
  A big kobold zombie (Ossuary)
  A hound zombie (D:5)
  A hound skeleton (D:6)
  5 mummies
  A worker ant zombie (D:5)
  3 gnolls (D:7)
  16 adders
  A shadow imp (D:5)
  5 white imps
  An ufetubus (D:5)
  An adder skeleton (D:7)
  4 worms
  7 leopard geckos
  26 orcs
  7 giant cockroaches
  9 hobgoblins
  17 jackals
  11 kobolds
  5 quokkas
  2 ball pythons
  2 bats
  14 frilled lizards
  14 goblins
  2 goblin zombies (Ossuary)
  A hobgoblin zombie (Ossuary)
  A jackal skeleton (D:5)
  A kobold zombie (Ossuary)
  A leopard gecko zombie (D:6)
  2 orc zombies (Ossuary)
  A quokka zombie (D:6)
  11 rats
240 creatures vanquished.

Vanquished Creatures (collateral kills)
  A necrophage (D:10)
1 creature vanquished.

Vanquished Creatures (others)
  A kobold (D:3)
1 creature vanquished.

Grand Total: 242 creatures vanquished
